 Dungeon Crawl Stone Soup version 0.29-a0-887-gcbe080d7e0 (webtiles) character file.

Game seed: 16081220248862628295

78124 greasedhog the Eye of the Storm (level 15, -3/93 HPs)
             Began as a Gargoyle Monk on July 22, 2022.
             Was a Priest of Qazlal.
             Slain by a boulder beetle (16 damage)
             ... on level 12 of the Dungeon.
             The game lasted 00:51:38 (23880 turns).

greasedhog the Eye of the Storm (Gargoyle Monk)    Turns: 23880, Time: 00:51:39

Health: -3/93      AC: 34    Str: 27    XL:     15   Next: 59%
Magic:  15/24      EV: 15    Int: 12    God:    Qazlal [***...]
Gold:   1258       SH: 17    Dex: 12    Spells: 12/14 levels left

rFire   + . .      SeeInvis +   a - +2 whip (elec)
rCold   . . .      Faith    .   r - +2 buckler {AC+3}
rNeg    + + .      Spirit   .   M - +5 ring mail of the Tentacled God {rF+}
rPois   ∞          Reflect  +   L - +2 hat {SInv}
rElec   +          Harm     .   G - +0 cloak
rCorr   +          Rampage  .   W - +0 pair of gloves "Qiphuiw" {rN+}
Will    +....                   K - +1 pair of boots
Stlth   +.........              R - amulet of reflection
HPRegen 0.25/turn               g - ring of resist corrosion
MPRegen 0.19/turn               X - +6 ring of strength

@: flying
A: sickness immunity, AC +11, big wings, negative energy resistance 1,
electricity resistance, torment resistance 1, petrification resistance
a: Renounce Religion, Upheaval, Elemental Force


You were on level 12 of the Dungeon.
You worshipped Qazlal.
Qazlal was most pleased with you.
You visited 2 branches of the dungeon, and saw 17 of its levels.
You also visited: Bailey.

You collected 1258 gold pieces.

Inventory:

Hand Weapons
 a - a +2 whip of electrocution (weapon)
 D - a +0 mace of freezing
Missiles
 T - 2 throwing nets (quivered)
Armour
 r - a +2 buckler of protection (worn)
 z - the +2 pair of gloves of Qunuef Jyecs {rC++ Will- rCorr SInv}
   (You found it on level 5 of the Lair of Beasts)

   rC:        It greatly protects you from cold.
   SInv:      It lets you see invisible.
   rCorr:     It protects you from acid and corrosion.
   Will:      It decreases your willpower.
 G - a +0 cloak (worn)
 K - a +1 pair of boots (worn)
 L - a +2 hat of see invisible (worn)
 M - the +5 ring mail of the Tentacled God (worn) {rF+}
   (You found it on level 10 of the Dungeon)

   rF:        It protects you from fire.
 W - the +0 pair of gloves "Qiphuiw" (worn) {rN+}
   (You found it on level 11 of the Dungeon)

   rN:        It protects you from negative energy.
Jewellery
 g - a ring of resist corrosion (left hand)
 R - an amulet of reflection (around neck)
 X - a +6 ring of strength (right hand)
Wands
 h - a wand of digging (1)
 n - a wand of polymorph (7)
 o - a wand of flame (24)
 w - a wand of iceblast (21)
 x - a wand of acid (9)
 F - a wand of paralysis (10)
 I - a wand of mindburst (11)
Scrolls
 b - 7 scrolls of teleportation
 d - 4 scrolls of brand weapon
 e - 2 scrolls of enchant armour
 f - 4 scrolls of vulnerability
 m - 2 scrolls of fear
 q - a scroll of blinking
 s - 3 scrolls of fog
 t - 2 scrolls of torment
 u - 6 scrolls of enchant weapon
 y - 5 scrolls of identify
 A - 2 scrolls of summoning
 H - 3 scrolls of immolation
 J - a scroll of amnesia {unknown}
 P - 2 scrolls of magic mapping
 Q - a scroll of silence
Potions
 c - 10 potions of ambrosia
 i - 4 potions of flight {unknown}
 j - 7 potions of might
 k - 6 potions of heal wounds {unknown}
 l - a potion of invisibility {unknown}
 p - 11 potions of curing {unknown}
 v - 2 potions of degeneration {unknown}
 B - a potion of magic {unknown}
 C - 3 potions of mutation {unknown}
 E - 2 potions of haste {unknown}
 N - 2 potions of berserk rage {unknown}
 O - 3 potions of lignification {unknown}
 S - a potion of resistance
 U - a potion of brilliance {unknown}
 V - 2 potions of cancellation {unknown}


   Skills:
 * Level 10.8 Fighting
 - Level 12.0 Maces & Flails
 - Level 10.5 Armour
 - Level 10.7 Dodging
 - Level 2.1 Stealth
 - Level 9.0 Shields
 * Level 12.3 Invocations
 - Level 10.0 Evocations


You had 12 spell levels left.
You knew the following spells:

 Your Spells              Type           Power      Damage    Failure   Level
a - Blink                 Tloc           0%         N/A       63%         2

Your spell library contained the following spells:

 Spells                   Type           Power      Damage    Failure   Level
 Beastly Appendage        Tmut           0%         N/A       50%         1
 Sandblast                Erth           0%         2d4       50%         1
 Shock                    Conj/Air       0%         1d3       50%         1
 Passwall                 Tmut/Erth      0%         N/A       63%         2
 Wereblood                Tmut           0%         N/A       63%         2
 Confusing Touch          Hex            0%         N/A       86%         3
 Conjure Flame            Conj/Fire      0%         6-21      86%         3
 Ignite Poison            Fire/Tmut/Pois 0%         N/A       86%         3
 Lesser Beckoning         Tloc           0%         N/A       86%         3
 Mephitic Cloud           Conj/Pois/Air  0%         N/A       86%         3
 Portal Projectile        Hex/Tloc       0%         N/A       86%         3
 Spider Form              Tmut/Pois      0%         N/A       86%         3
 Stone Arrow              Conj/Erth      0%         3d7       86%         3
 Swiftness                Air            0%         N/A       86%         3
 Tukima's Dance           Hex            0%         N/A       86%         3
 Airstrike                Air            0%         0-1+      99%         4
 Animate Dead             Necr           0%         N/A       99%         4
 Cause Fear               Hex            0%         N/A       99%         4
 Corpse Rot               Necr/Pois/Air  0%         N/A       99%         4
 Dispel Undead            Necr           0%         3d6       99%         4
 Hailstorm                Conj/Ice       0%         3d3       99%         4
 Ice Form                 Ice/Tmut       0%         N/A       99%         4
 Sticky Flame             Conj/Fire      0%         2d3       99%         4
 Alistair's Intoxication  Tmut/Pois      0%         N/A       100%        5
 Blade Hands              Tmut           0%         N/A       100%        5
 Borgnjor's Vile Clutch   Necr/Erth      0%         N/A       100%        5
 Fireball                 Conj/Fire      0%         3d3       100%        5
 Freezing Cloud           Conj/Ice/Air   0%         6-21      100%        5
 Manifold Assault         Tloc           0%         N/A       100%        5
 Yara's Violent Unravell  Hex/Tmut       0%         3d3       100%        5
 Death Channel            Necr           0%         N/A       100%        6
 Eringya's Noxious Bog    Tmut/Pois      0%         N/A       100%        6
 Simulacrum               Ice/Necr       0%         N/A       100%        6
 Starburst                Conj/Fire      0%         6d3       100%        6
 Dragon Form              Tmut           0%         N/A       100%        7
 Enfeeble                 Hex            0%         N/A       100%        7
 Storm Form               Tmut/Air       0%         N/A       100%        7
 Ignition                 Fire           0%         3d3       100%        8
 Dragon's Call            Summ           0%         N/A       100%        9


Dungeon Overview and Level Annotations

Branches:
Dungeon (12/15)              Lair (5/5) D:9           Swamp (0/4) Lair:3
 Spider (0/4) Lair:2        Slime (0/5) Lair:4       Bailey (visited)
 Temple: D:4-7          Orc: D:9-12

Altars:
Cheibriados
Gozag
Kikubaaqudgha
Nemelex Xobeh
Qazlal
Sif Muna
Vehumet
Xom
Yredelemnul
Zin
The Shining One
Jiyva

Shops:
D:6 [   D:9 :(:=

Annotations:
D:11 Fannar


Innate Abilities, Weirdness & Mutations

You are immune to sickness and miasma.
Your stone body is resilient. (AC +11)
You are immune to poison.
Your large and strong wings let you fly.
You resist negative energy. (rN+)
You are resistant to electric shocks. (rElec)
You are resistant to unholy torment.
You are immune to petrification.


Message History

The boulder beetle is heavily wounded.
The fire elemental misses you. You block the boulder beetle's attack.
Aiming: Upheaval
Press: ? - help, Dir - move target, f - deep elf pyromancer
Aim: a deep elf pyromancer, wielding a +0 dagger and wearing a +0 leather armour Magma suddenly erupts from the ground!
The blast of magma engulfs the fire elemental!
The fire elemental partially resists.
The fire elemental is heavily damaged.
The blast of magma engulfs the deep elf pyromancer!!
The deep elf pyromancer is almost dead.
The storm surrounding you is now too weak to repel missiles.
You will no longer adapt resistances upon receiving elemental damage.
The deep elf pyromancer casts a spell.
You block the fire elemental's attack. You block the boulder beetle's attack.
Aiming: Upheaval
Press: ? - help, Dir - move target, f/p - deep elf pyromancer
Aim: a deep elf pyromancer, wielding a +0 dagger and wearing a +0 leather armour (almost dead) Magma suddenly erupts from the ground!
The blast of magma engulfs the fire elemental!
The fire elemental partially resists.
The fire elemental is almost destroyed.
The blast of magma engulfs the deep elf pyromancer!!!
You kill the deep elf pyromancer!
Qazlal accepts your kill.
The fire elemental disappears in a puff of smoke! x2
The boulder beetle bites you!
* * * LOW HITPOINT WARNING * * *
You completely miss the boulder beetle.
The boulder beetle is heavily wounded.
You hit the boulder beetle but do no damage.
The boulder beetle is heavily wounded.
You block the boulder beetle's attack.
You hit the boulder beetle but do no damage.
The boulder beetle is heavily wounded.
You whack the ogre!
You kill the ogre!
Qazlal accepts your kill. The boulder beetle bites you!
You die...

e# #.# .O#.##
O#.. #
..####.....
###))......[#
###..))# ..#
###...##.#
..#
###....###B#
.$#
###.....)#
#@# ..#
#....#..##
#§#####..#
..#....##
#).○°.e..#
####.#
#######.##
#.###### .#
#..<...# .#
######.# .#
.# .#


You could see a boulder beetle.

Vanquished Creatures
  Rupert (Lair:4)
  Gastronok (D:11)
  The ghost of lesbiats the Carver, a journeyman GnWn of Ashenzari (Lair:5)
  The ghost of greasedhog the Basher, a journeyman GrMo of Qazlal (Lair:5)
  The ghost of Monkooky the Basher, a journeyman MeAr of Qazlal (Lair:4)
  A dire elephant (Lair:5)
  Josephine (Lair:4)
  7 hydras
  2 vault guards (Bailey)
  2 catoblepae (Lair:5)
  A boulder beetle (Lair:3)
  2 two-headed ogres
  An anaconda (Lair:5)
  3 death yaks (Lair:5)
  Lodul (D:12)
  A skeletal warrior (D:12)
  A lindwurm (Lair:5)
  A deep elf pyromancer (D:12)
  A cyclops (D:11)
  2 wolf spiders (Lair:2)
  Maurice (D:8)
  8 black mambas
  A torpor snail (Lair:5)
  22 elephants
  A gargoyle (D:10)
  14 cane toads
  6 rime drakes
  2 unseen horrors (D:11)
  An unseen horror zombie (D:10)
  An efreet (D:11)
  4 komodo dragons
  A queen bee (Lair:3)
  16 polar bears
  A troll (D:11)
  Prince Ribbit (Bailey)
  14 blink frogs
  A meliai zombie (D:10)
  6 raiju (Lair:5)
  2 dream sheep (Lair:5)
  Sigmund (D:2)
  5 wraiths
  4 humans (Bailey)
  9 wyverns
  3 shadows
  41 yaks
  6 basilisks
  A fire bat (D:5)
  7 vampire mosquitoes
  2 steam dragons (D:6)
  A tengu zombie (D:11)
  2 swamp worms (Lair:3)
  A two-headed ogre zombie (D:11)
  4 wargs (Lair:5)
  The ghost of Aurophilus the Grave Robber, an amateur DENe (D:5)
  22 water moccasins
  11 hell hounds (Lair:5)
  3 orc warriors
  14 black bears
  14 ogres
  24 wolves
  10 centaurs
  A phantom (D:4)
  15 bullfrogs
  3 gnoll sergeants
  3 scorpions
  7 wights
  23 killer bees
  4 howler monkeys
  6 centaur zombies (D:10)
  5 hounds
  5 jellies
  4 orc priests
  A gnoll bouda (D:4)
  3 iguanas
  Jessica (D:3)
  Natasha (thrice) (D:3)
  8 orc wizards
  2 howler monkey zombies (D:10)
  12 gnolls
  12 adders
  A river rat (D:4)
  A white imp (D:6)
  2 ufetubi
  2 worms
  3 dart slugs
  52 orcs
  4 bats
  9 endoplasms
  6 giant cockroaches
  13 goblins
  6 hobgoblins
  2 jackals (D:1)
  2 quokkas
  8 ball pythons
  3 frilled lizards
  7 kobolds
  7 rats
567 creatures vanquished.

Vanquished Creatures (collateral kills)
  2 catoblepae
  A hydra (Lair:4)
  2 two-headed ogres (D:8)
  4 elephants (Lair:2)
  A cane toad (Lair:1)
  A komodo dragon (Lair:4)
  A culicivora (Lair:2)
  A bullfrog (Lair:2)
13 creatures vanquished.

Vanquished Creatures (others)
  2 cane toads (Lair:4)
  15 fungi
  45 plants
62 creatures vanquished.

Grand Total: 642 creatures vanquished

Notes
Turn   | Place    | Note
-------+----------+-------------------------------------------
     0 | D:1      | greasedhog the Gargoyle Monk began the quest for the Orb.
     0 | D:1      | Reached XP level 1. HP: 14/14 MP: 1/1
   315 | D:1      | Reached XP level 2. HP: 19/19 MP: 2/2
   873 | D:1      | Reached XP level 3. HP: 21/23 MP: 3/3
  1853 | D:2      | Noticed Sigmund
  1861 | D:2      | Killed Sigmund
  1862 | D:2      | Reached XP level 4. HP: 15/28 MP: 4/4
  1862 | D:2      | Reached XP level 5. HP: 17/32 MP: 5/5
  2153 | D:2      | Found a faded altar of an unknown god.
  2153 | D:2      | Noticed a floating eye
  2165 | D:2      | Noticed an eye of devastation
  2165 | D:2      | Noticed a shining eye
  2165 | D:2      | Noticed a golden eye
  2376 | D:3      | Reached skill level 5 in Maces & Flails
  2461 | D:3      | Reached XP level 6. HP: 37/37 MP: 6/6
  2889 | D:3      | Noticed Jessica
  2890 | D:3      | Found a radiant altar of Vehumet.
  2936 | D:3      | Killed Jessica
  2993 | D:3      | Found a stormy altar of Qazlal.
  3016 | D:3      | Noticed Natasha
  3017 | D:3      | Found an opulent altar of Gozag.
  3017 | D:3      | Found a sparkling altar of Nemelex Xobeh.
  3025 | D:3      | Killed Natasha
  3029 | D:3      | Became a worshipper of Qazlal Stormbringer
  3029 | D:3      | Reached * piety under Qazlal
  3029 | D:3      | Reached ** piety under Qazlal
  3188 | D:3      | Noticed Natasha
  3197 | D:3      | Killed Natasha
  3361 | D:3      | Noticed Natasha
  3368 | D:3      | Killed Natasha
  3789 | D:4      | Reached XP level 7. HP: 17/41 MP: 7/7
  4146 | D:4      | Found a shimmering blue altar of Sif Muna.
  4363 | D:4      | Found a shimmering altar of Xom.
  4363 | D:4      | Found a snail-covered altar of Cheibriados.
  4368 | D:4      | Found a glowing golden altar of the Shining One.
  4427 | D:4      | Reached skill level 5 in Dodging
  4683 | D:4      | Reached skill level 1 in Armour
  4988 | D:5      | Entered Level 5 of the Dungeon
  5013 | D:4      | Reached XP level 8. HP: 19/46 MP: 8/8
  5196 | D:5      | Reached *** piety under Qazlal
  5345 | D:5      | Found a runed translucent gate.
  5345 | D:5      | Found a runed translucent gate.
  5345 | D:5      | Found a runed translucent gate.
  5358 | D:5      | Noticed Aurophilus's ghost (amateur DENe)
  5513 | D:5      | Killed Aurophilus's ghost
  6102 | D:6      | Reached skill level 5 in Armour
  6149 | D:6      | Identified a scroll of acquirement
  6151 | D:6      | Acquired a +2 buckler of protection
  6353 | D:6      | Noticed a yak
  6363 | D:6      | Reached XP level 9. HP: 51/51 MP: 9/9
  6381 | D:6      | Reached skill level 1 in Shields
  6663 | D:6      | Reached skill level 5 in Fighting
  6773 | D:6      | Noticed an angel
  6774 | D:6      | Found a glowing silver altar of Zin.
  6812 | D:6      | Found Eboujouss's Antique Armour Shoppe.
  7176 | D:6      | Reached skill level 1 in Invocations
  7321 | D:6      | Reached **** piety under Qazlal
  7836 | D:7      | Reached skill level 5 in Shields
  7836 | D:7      | Reached XP level 10. HP: 59/59 MP: 11/11
  7890 | D:7      | You fall into a shaft and drop 1 floor!
  8051 | D:8      | Noticed a two-headed ogre
  8057 | D:8      | Noticed a two-headed ogre
  8072 | D:8      | Killed a two-headed ogre
  8073 | D:8      | Reached skill level 10 in Maces & Flails
  8074 | D:8      | Killed a two-headed ogre
  8306 | D:8      | Noticed Maurice
  8307 | D:8      | Paralysed by Maurice for 5 turns
  8322 | D:8      | Killed Maurice
  8323 | D:8      | Reached skill level 5 in Invocations
  8839 | D:8      | Found an ancient bone altar of Kikubaaqudgha.
  8902 | D:9      | Found a staircase to the Lair.
  8941 | D:9      | Reached XP level 11. HP: 62/64 MP: 13/15
  8990 | D:9      | Noticed a two-headed ogre
  9000 | D:9      | Killed a two-headed ogre
  9051 | D:9      | Found Xoitoit's Book Shop.
  9137 | D:9      | Found a flagged portal.
  9200 | Bailey   | Entered a bailey
  9350 | Bailey   | Noticed Prince Ribbit
  9350 | Bailey   | Noticed a vault guard
  9366 | Bailey   | Killed Prince Ribbit
  9376 | Bailey   | Killed a vault guard
  9620 | Bailey   | Noticed a vault guard
  9635 | Bailey   | Killed a vault guard
  9800 | D:9      | Found Kalai's Antique Weapon Shop.
  9826 | D:9      | Found Ytokeph's Jewellery Emporium.
  9893 | D:9      | Found Tausch Tepro's Book Boutique.
 10587 | D:10     | Entered Level 10 of the Dungeon
 10632 | D:10     | Reached skill level 1 in Evocations
 10632 | D:10     | Noticed a two-headed ogre
 10809 | D:10     | Identified the +5 ring mail of the Tentacled God {rF+}
 10924 | D:10     | Found a basalt altar of Yredelemnul.
 11004 | D:10     | Reached XP level 12. HP: 68/68 MP: 16/18
 11164 | D:10     | Killed a two-headed ogre
 11330 | D:10     | Reached skill level 10 in Invocations
 11330 | D:10     | Reached skill level 5 in Evocations
 12812 | D:11     | Found a transporter.
 12846 | D:11     | Noticed Fannar
 12924 | Lair:1   | Entered Level 1 of the Lair of Beasts
 13037 | Lair:1   | Noticed a catoblepas
 13078 | Lair:1   | Killed a catoblepas
 13657 | Lair:1   | Reached XP level 13. HP: 63/79 MP: 15/20
 14900 | Lair:2   | Reached skill level 10 in Fighting
 15178 | Lair:2   | Found a hole to the Spider Nest.
 15843 | Lair:3   | Identified the +6 trident "Suemur" {flame, Fragile +Blink
                  | rPois rF++}
 16445 | Lair:3   | Found a staircase to the Swamp.
 17112 | Lair:3   | Reached skill level 10 in Evocations
 17479 | Lair:4   | Found a runed translucent gate.
 17499 | Lair:4   | Found a runed translucent gate.
 17644 | Lair:4   | Found a runed translucent gate.
 17648 | Lair:4   | Noticed Monkooky's ghost (journeyman MeAr)
 17709 | Lair:4   | Gained mutation: Your large and strong wings let you fly.
                  | [Gargoyle growth]
 17709 | Lair:4   | Reached XP level 14. HP: 61/88 MP: 15/21
 18011 | Lair:4   | Identified the +8 plate armour "Ceyg" {rC+ Str+4}
 18095 | Lair:4   | Noticed Rupert
 18128 | Lair:4   | Killed Rupert
 18476 | Lair:4   | Noticed Josephine
 18502 | Lair:4   | Killed Josephine
 18621 | Lair:4   | Found a viscous altar of Jiyva.
 18621 | Lair:4   | Found a staircase to the Slime Pits.
 19041 | Lair:4   | Killed Monkooky's ghost
 19064 | Lair:4   | Identified the -1 cloak of Parts Unknown {rC- Int+3 Slay+3}
 19165 | Lair:5   | Entered Level 5 of the Lair of Beasts
 19909 | Lair:5   | Found a runed translucent gate.
 19909 | Lair:5   | Found a runed translucent gate.
 19909 | Lair:5   | Found a runed translucent gate.
 19953 | Lair:5   | Noticed lesbiats's ghost (journeyman GnWn)
 19955 | Lair:5   | Noticed greasedhog's ghost (journeyman GrMo)
 19976 | Lair:5   | Learned a level 2 spell: Blink
 20542 | Lair:5   | Identified the ring of Sin {Wiz rC+}
 20593 | Lair:5   | Reached skill level 10 in Armour
 20622 | Lair:5   | Noticed a dire elephant
 20642 | Lair:5   | Killed a dire elephant
 20946 | Lair:5   | Reached skill level 10 in Dodging
 20946 | Lair:5   | Reached XP level 15. HP: 49/92 MP: 14/22
 21126 | Lair:5   | Identified the +1 robe of Lupod {Fly rF- Str+4 Dex+6}
 21765 | Lair:5   | Reached ***** piety under Qazlal
 22807 | Lair:5   | Killed greasedhog's ghost
 22838 | Lair:5   | HP: 4/92 [lesbiats's ghost/stone arrow (40)]
 22846 | Lair:5   | HP: 1/92 [lesbiats's ghost (4)]
 22855 | Lair:5   | Killed lesbiats's ghost
 23243 | Lair:5   | Identified the +2 pair of gloves of Qunuef Jyecs {rC++
                  | Will- rCorr SInv}
 23451 | D:11     | Noticed Gastronok
 23482 | D:11     | Killed Gastronok
 23630 | D:11     | Found a transporter.
 23689 | D:11     | Identified the +0 pair of gloves "Qiphuiw" {rN+}
 23789 | D:12     | Noticed Lodul
 23833 | D:12     | Killed Lodul
 23880 | D:12     | Slain by a boulder beetle

Illustrated notes

Levels and vault maps discovered:
D:1:      dpeg_arrival_solitude, layout_basic, kennysheep_decorative_pillar,
          grunt_decor_resistance, corexii_item_surrounded_by_moat
D:2:      layout_loops_ring, hellmonk_ecumenical_altar_watching_god,
          kennysheep_generic_room_4, uniq_sigmund
D:3:      layout_loops_ring, nicolae_vehumet_altar_sigil,
          grunt_temple_overflow_open, kennysheep_generic_room_3, uniq_natasha,
          uniq_jessica
D:4:      layout_loops_ring, nicolae_sif_muna_condensation,
          gammafunk_temple_overflow_forgotten, portal_sewer_entry_a,
          chequers_arboretum, minmay_pentangle
D:5:      layout_rooms, gammafunk_ghost_split, minmay_liquid_box,
          serial_bayou_lagoon_b
D:6:      minmay_clustersquares, layout_gridville, zin_angel, serial_shops,
          nicolae_shop_advertising_works [nicolae_subvault_shop_adworks],
          minmay_between
D:7:      black_bear_nest_1, layout_loops_ring, temple_green,
          minmay_quadrilaterals
D:8:      layout_basic, lemuel_tele_altar, uniq_maurice
D:9:      layout_loops_corners, minmay_lair_entry_grove, serial_shops, shop,
          nicolae_shop_behind_doors, nicolae_square_shop,
          nicolae_shop_overgrown_old_shop, enter_bailey_5,
          palyth_stone_intersect
D:10:     layout_cave_pools, nicolae_yredelemnul_corpse_copse
D:11:     gammafunk_cloud_chamber, layout_rooms, serial_curves, eino_curves_02,
          eino_curves_03, uniq_gastronok, uniq_fannar
D:12:     minmay_the_grid_triangle_9x9_rhombus_thin_mashed
          [minmay_the_grid_triangle_9x9_odd_lines,
          minmay_the_grid_triangle_9x9_prize_top_heavy,
          minmay_the_grid_triangle_9x9_limited_checkers,
          minmay_the_grid_triangle_9x9_flanged_cone], layout_loops_ring,
          orc_0_dummy, water_maze_lemuel, uniq_lodul, uniq_erolcha
Lair:1:   layout_cave_pods, grunt_megastairs_4, infiniplex_staircase_pool
Lair:2:   layout_hall_layers, spider_nest_entry_funnel_web,
          cheibrodos_lair_lostbears
Lair:3:   layout_cave_shapes, minmay_swamp_entry_worms, special_room
          [special_room_bee], minmay_hedge_maze
Lair:4:   layout_hall_layers, slime_entry_1, gammafunk_ghost_split,
          beast_lair_carwin_3, uniq_rupert, uniq_josephine
Lair:5:   hangedman_lair_in_review, layout_regular_city,
          hangedman_lair_caniforms_friends, gammafunk_ghost_cemetery

Skill      XL: |  1  2  3  4  5  6  7  8  9 10 11 12 13 14 15 |
---------------+----------------------------------------------+-----
Dodging        | 4 5 7 10 | 10.7
Maces & Flails | 4 5 6 8 9 11 12 | 12.0
Armour         | 2 5 6 10 | 10.5
Shields        | 5 7 9 |  9.0
Fighting       | 5 8 10 | 10.8
Invocations    | 2 6 9 10 12 | 12.3
Evocations     | 3 7 10 | 10.0
Stealth        | |  2.1

Action                   |  1- 3 |  4- 6 |  7- 9 | 10-12 | 13-15 || total
-------------------------+-------+-------+-------+-------+-------++-------
Melee: Mace              |    97 |   155 |   391 |    24 |       ||   667
       Punch             |       |     4 |     3 |       |       ||     7
       Unarmed           |       |    18 |       |       |       ||    18
       Whip              |       |       |       |   796 |  1985 ||  2781
Throw: Throwing net      |       |       |     1 |       |     2 ||     3
Invok: Upheaval          |       |       |     2 |     8 |    14 ||    24
       Elemental Force   |       |       |       |     5 |     5 ||    10
       Disaster Area     |       |       |       |       |     1 ||     1
Evoke: Wand              |       |       |     7 |     7 |     1 ||    15
  Use: Scroll            |     5 |     1 |     5 |     6 |     6 ||    23
       Potion            |     1 |       |       |     1 |     1 ||     3
 Stab: Sleeping          |     4 |       |       |       |       ||     4
       Held in net/web   |       |       |     1 |       |     1 ||     2
       Petrified         |       |       |       |     7 |     2 ||     9
       Distracted        |       |       |       |     2 |       ||     2
       Paralysed         |       |       |       |       |     1 ||     1
Armor: Robe              |    22 |       |       |       |       ||    22
       Leather armour    |     8 |    44 |   112 |   104 |       ||   268
       Skin              |       |     5 |       |       |       ||     5
       Ring mail         |       |       |       |   184 |   809 ||   993
Dodge: Dodged            |    60 |   101 |   219 |   218 |   814 ||  1412
       Repelled          |       |       |       |     2 |     4 ||     6
Block: Other             |       |     3 |    34 |       |       ||    37
       Buckler           |       |       |    79 |   390 |  1259 ||  1728
       Reflection        |       |       |       |       |    19 ||    19

Table legend: (Time is in decaauts)
 A = Elapsed time spent in this place.
 B = Non-inter-level travel time spent in this place.
 C = Inter-level travel time spent in this place.
 D = Time resting spent in this place.
 E = Time spent auto-exploring this place.
 F = Levels seen in this place.
 G = Mean time per level.
                   A        B        C        D        E       F      G
               +--------+--------+--------+--------+--------+-----+--------+
         Total |  22718 |  21871 |    847 |   1858 |  15042 |  18 | 1262.1 |
       Dungeon |  12708 |  12145 |    563 |    958 |   8439 |  12 | 1059.0 |
          Lair |   9559 |   9276 |    283 |    828 |   6427 |   5 | 1911.8 |
        Bailey |    451 |    451 |      0 |     72 |    176 |   1 |  451.0 |
               +--------+--------+--------+--------+--------+-----+--------+

Top non-repeatable levels by time:
  Lair:5: 3206 daAuts
  Lair:4: 2026 daAuts
     D:1: 1724 daAuts
     D:4: 1614 daAuts
  Lair:3: 1600 daAuts
     D:6: 1475 daAuts
  Lair:2: 1408 daAuts
     D:3: 1356 daAuts
  Lair:1: 1316 daAuts
     D:9: 1279 daAuts
    D:10: 1261 daAuts
    D:11: 1100 daAuts
     D:8: 972 daAuts
     D:5: 819 daAuts
     D:2: 664 daAuts
